 Dungeon Crawl Stone Soup version 0.29.0-11-gd7f09526c8 (webtiles) character file.

Game seed: 13638380321019958970

104 blackman the Magician (level 5, -4/40 HPs)
             Began as a Djinni Hedge Wizard on Sept 6, 2022.
             Killed from afar by an orc wizard (8 damage)
             ... with a magic dart
             ... on level 3 of the Dungeon.
             The game lasted 00:10:38 (2797 turns).

blackman the Magician (Djinni Hedge Wizard)         Turns: 2797, Time: 00:10:38

Health: -4/40      AC:  2    Str:  9    XL:     5   Next: 7%
Gold:   33         EV: 12    Int: 17    God:
                   SH:  5    Dex: 13

rFire   + + .      SeeInvis .   i - +1 short sword (drain)
rCold   x . .      Faith    .   (no shield)
rNeg    . . .      Spirit   .   b - +0 robe
rPois   ∞          Reflect  +   c - +0 hat
rElec   .          Harm     .   (no cloak)
rCorr   .          Rampage  .   (no gloves)
Will    .....                   (boots unavailable)
Stlth   ++........              o - amulet of reflection
HPRegen 0.13/turn               (no ring)
MPRegen 0.00/turn               (no ring)

@: flying
A: sickness immunity, fire resistance 2, cold vulnerability 1, float, innate
caster, HP casting, extra vitality 1
a: no special abilities


You were on level 3 of the Dungeon.
You visited 1 branch of the dungeon, and saw 3 of its levels.

You collected 61 gold pieces.
You spent 28 gold pieces at shops.

Inventory:

Hand Weapons
 a - a +0 dagger
 f - a +3 whip
 i - a +1 short sword of draining (weapon)
 r - the +8 short sword "Testudineslayer" {venom, rN+ Str+6 Int-3 Dex-2}
   (You found it on level 2 of the Dungeon)

   It poisons the flesh of those it strikes.
   Str:       It affects your strength (+6).
   Int:       It affects your intelligence (-3).
   Dex:       It affects your dexterity (-2).
   rN:        It protects you from negative energy.
Missiles
 p - 6 datura-tipped darts
Armour
 b - a +0 robe (worn)
 c - a +0 hat (worn)
Jewellery
 o - an amulet of reflection (around neck)
Scrolls
 d - 6 scrolls of identify {unknown}
 h - a scroll of amnesia {unknown}
 k - a scroll of fog {unknown}
 l - a scroll of magic mapping {unknown}
 n - a scroll of noise {unknown}
Potions
 e - 2 potions of attraction {unknown}
 g - a potion of resistance {unknown}
 j - a potion of curing {unknown}
 m - a potion of brilliance {unknown}
 q - a potion of berserk rage {unknown}


   Skills:
 + Level 2.9 Fighting
 - Level 2.1 Dodging
 - Level 1.5 Stealth
 + Level 3.4 Spellcasting


You couldn't memorise any spells.
You knew the following spells:

 Your Spells              Type           Power      Damage    Failure   Level
a - Magic Dart            Conj           56%        1d5       4%          1
b - Blink                 Tloc           28%        N/A       6%          2
c - Call Imp              Summ           14%        N/A       6%          2
d - Slow                  Hex            56%        N/A       4%          1
e - Conjure Flame         Conj/Fire      14%        6-21      12%         3
f - Mephitic Cloud        Conj/Pois/Air  14%        N/A       12%         3
g - Necrotise             Necr           56%        1d6       4%          1
h - Poisonous Vapours     Pois/Air       28%        N/A       6%          2
Your spell library was empty.

Dungeon Overview and Level Annotations

Branches:
Dungeon (3/15)

Altars:

Shops:
D:2 *


Innate Abilities, Weirdness & Mutations

You are immune to sickness and miasma.
You are immune to poison.
Your flesh is very heat resistant. (rF++)
You are vulnerable to cold. (rC-)
You float through the air rather than walking.
You learn spells naturally, not from books.
Your magical power is your life essence.
You have superior vitality. (+4 MHP)


Message History

Aiming: Poisonous Vapours (safe; 6% risk of failure)
Press: ? - help, Dir - move target, f - ball python, p - orc
Aim: a ball python (severely wounded, constricting your orc priest skeleton, ally target) Poisonous vapours surround the ball python!
The ball python is poisoned.
* * * LOW HITPOINT WARNING * * *
The ball python bites your orc priest skeleton.
The ball python constricts your orc priest skeleton.
The ball python bites your orc priest skeleton.
The ball python constricts your orc priest skeleton.
Your orc priest skeleton hits the ball python.
The ball python dies!
Your orc priest skeleton hits the orc but does no damage.
Your orc priest skeleton hits the orc.
The orc hits your orc priest skeleton with a +0 club.
Your orc priest skeleton hits the orc but does no damage.
The orc hits your orc priest skeleton with a +0 club.
Your orc priest skeleton is destroyed!
Casting: Poisonous Vapours (safe; 6% risk of failure)
Confirm with . or Enter, or press ? or * to list all spells.
Aiming: Necrotise (safe; 4% risk of failure)
Press: ? - help, Shift-Dir - straight line, f - orc
Aim: an orc, wielding a +0 flail and wearing a +0 scale mail (confused, chance to affect: 84%)
Okay, then.
Casting: Necrotise (safe; 4% risk of failure)
Confirm with . or Enter, or press ? or * to list all spells.
Aiming: Necrotise (safe; 4% risk of failure)
Press: ? - help, Shift-Dir - straight line, f - orc
Aim: an orc, wielding a +0 club and wearing a +0 ring mail (almost dead, confused, chance to affect: 84%)
The orc writhes in agony.
You kill the orc!
* * * LOW HITPOINT WARNING * * *
The dead are walking!
Unknown command.
Unknown command.
The orc hits your orc skeleton with a +0 flail!
Your orc skeleton is destroyed!
The orc wizard casts a spell at you. The magic dart hits you!
You die...

##### ..#....###
.........##
...#......#
.........#
#......#
#.....o#######.##
##.......@.....#
#..o#########..#
#.#.#
.###.#o########
.......)..ooo...
#.###..)########
#...# #...# #...#


You could see an orc wizard and an orc (confused).

Vanquished Creatures
  An orc priest (D:3)
  2 adders (D:2)
  An orc (D:3)
  3 ball pythons
  6 bats
  7 endoplasms
  A giant cockroach (D:2)
  2 goblins (D:1)
  7 hobgoblins
  2 quokkas
  5 frilled lizards
  11 kobolds
  A rat (D:1)
49 creatures vanquished.

Vanquished Creatures (collateral kills)
  A goblin (D:1)
  2 ball pythons
3 creatures vanquished.

Grand Total: 52 creatures vanquished

Notes
Turn   | Place    | Note
-------+----------+-------------------------------------------
     0 | D:1      | blackman the Djinni Hedge Wizard began the quest for the
                  | Orb.
     0 | D:1      | blackman set off with the following spells memorised: Magic
                  | Dart, Blink, Call Imp, Slow, Conjure Flame, Mephitic Cloud.
     0 | D:1      | Reached XP level 1. HP: 15/15 MP: 0/0
   356 | D:1      | Reached XP level 2. HP: 17/22 MP: 0/0
   456 | D:1      | Reached skill level 1 in Fighting
   998 | D:1      | Found a faded altar of an unknown god.
  1113 | D:1      | Reached XP level 3. HP: 22/27 MP: 0/0
  1113 | D:1      | Learned a level 1 spell: Necrotise
  1845 | D:2      | Reached skill level 3 in Spellcasting
  1955 | D:2      | Reached XP level 4. HP: 30/33 MP: 0/0
  2176 | D:2      | Found Adwas's General Store.
  2217 | D:2      | Bought 6 datura-tipped darts for 28 gold pieces
  2725 | D:2      | Identified the +8 short sword "Testudineslayer" {venom, rN+
                  | Str+6 Int-3 Dex-2}
  2779 | D:3      | Reached XP level 5. HP: 15/40 MP: 0/0
  2779 | D:3      | Learned a level 2 spell: Poisonous Vapours
  2797 | D:3      | Killed from afar by an orc wizard

Illustrated notes

Levels and vault maps discovered:
D:1:      elethiomel_arrival_infinity_welcomes_careful_drivers, layout_basic,
          basic_ecumenical_altar
D:2:      layout_rooms, serial_shops, shop
D:3:      layout_loops_ring, serial_undead, serial_undead_a, serial_undead_e,
          serial_undead_c, serial_undead_f, kennysheep_generic_room_13

Skill      XL: |  1  2  3 |
---------------+----------+-----
Fighting       | 1 2 |  2.9
Spellcasting   | 3 |  3.4
Dodging        | |  2.1
Stealth        | |  1.5

Action                   |  1- 3 |  4- 6 || total
-------------------------+-------+-------++-------
 Cast: Magic Dart        |    56 |    19 ||    75
       Call Imp          |     6 |       ||     6
       Necrotise         |    19 |    21 ||    40
       Mephitic Cloud    |       |     2 ||     2
       Slow              |       |     1 ||     1
       Poisonous Vapours |       |     2 ||     2
Armor: Robe              |     1 |     1 ||     2
Dodge: Dodged            |     6 |     8 ||    14
Block: Other             |       |     3 ||     3
